 Dungeon Crawl Stone Soup version 0.28-a0-861-ge64d6db94f (webtiles) character file.

Game seed: 4328599008453843994

82 pascalblue the Conjurer (level 4, -3/24 HPs)
             Began as a Deep Elf Conjurer on Nov 15, 2021.
             Killed by divine providence
             ... invoked by an orc priest
              (12 damage)
             ... on level 3 of the Dungeon.
             The game lasted 00:06:20 (1823 turns).

pascalblue the Conjurer (Deep Elf Conjurer)         Turns: 1823, Time: 00:06:20

Health: -3/24      AC:  2    Str:  4    XL:     4   Next: 21%
Magic:  1/12       EV: 12    Int: 24    God:
Gold:   132        SH:  0    Dex: 13    Spells: 0/11 levels left

rFire   . . .      SeeInvis .   (no weapon)
rCold   . . .      Faith    .   (no shield)
rNeg    . . .      Spirit   .   a - +0 robe
rPois   .          Reflect  .   (no helmet)
rElec   .          Harm     .   (no cloak)
rCorr   .          Rampage  .   (no gloves)
Will    .....                   (no boots)
Stlth   ++........              (no amulet)
HPRegen 0.08/turn               (no ring)
MPRegen 0.13/turn               (no ring)

@: no status effects
A: no striking features
a: no special abilities


You were on level 3 of the Dungeon.
You visited 1 branch of the dungeon, and saw 3 of its levels.

You collected 132 gold pieces.

Inventory:

Missiles
 k - 2 throwing nets
Armour
 a - a +0 robe (worn)
Jewellery
 j - a ring of willpower
Scrolls
 b - a scroll of magic mapping {unknown}
 c - a scroll of blinking {unknown}
 d - a scroll of immolation {unknown}
 f - 2 scrolls of identify {unknown}
 l - a scroll of noise {unknown}
Potions
 e - 4 potions of flight {unknown}
 g - 3 potions of curing {unknown}
 h - 3 potions of haste {unknown}
 i - a potion of attraction {unknown}
 m - a potion of invisibility {unknown}
 n - a potion of lignification {unknown}


   Skills:
 - Level 2.4 Dodging
 - Level 2.4 Stealth
 + Level 4.2 Spellcasting
 * Level 5.8 Conjurations


You couldn't memorise any spells.
You knew the following spells:

 Your Spells              Type           Power      Damage    Failure   Level
a - Magic Dart            Conj           100%       1d8       1%          1
b - Searing Ray           Conj           64%        2d6       1%          2
c - Fulminant Prism       Conj/Hex       9%         3d7       28%         4
d - Iskenderun's Mystic   Conj/Tloc      19%        2d6       28%         4

Your spell library contained the following spells:

 Spells                   Type           Power      Damage    Failure   Level
 Dazzling Flash           Conj/Hex       38%        N/A       9%          3
 Ozocubu's Armour         Ice            5%         N/A       28%         3
 Metabolic Englaciation   Hex/Ice        2%         N/A       95%         5
 Simulacrum               Ice/Necr       2%         N/A       100%        6
 Malign Gateway           Summ/Tloc      2%         N/A       100%        7
 Summon Horrible Things   Summ           2%         N/A       100%        8


Dungeon Overview and Level Annotations

Branches:
Dungeon (3/15)

Altars:
Hepliaklqana


Message History

The magic dart hits something.
Casting: Magic Dart (safe; 1% risk of failure)
Confirm with . or Enter, or press ? or * to list all spells.
Aiming: Magic Dart (safe; 1% risk of failure)
Press: ? - help, Shift-Dir - straight line, f/p - orc
Aim: an orc, wielding a +0 mace and wearing a +0 robe (100% to hit)
The magic dart hits something.
An orc priest comes into view. It is wielding a +0 short sword.
Casting: Magic Dart (safe; 1% risk of failure)
Confirm with . or Enter, or press ? or * to list all spells.
Aiming: Searing Ray (safe; 1% risk of failure)
Press: ? - help, Shift-Dir - straight line, p - orc (Press . to maintain the ray.)
The orc priest shouts!
The orc priest calls down the wrath of Beogh upon you.
Pain shoots through your body!
The searing ray hits something.
The searing ray hits the orc.
The orc is almost dead.
The searing ray hits the orc priest.
The orc priest is moderately wounded.
The searing ray hits the orc!
You kill the orc!
The orc priest barely misses you.
The searing ray hits the orc priest.
The orc priest is heavily wounded.
You finish channelling your searing ray.
You hear a shout!
The orc priest hits you with a +0 short sword.
An orc comes into view. It is wielding a +0 short sword.
Casting: Searing Ray (safe; 1% risk of failure)
Confirm with . or Enter, or press ? or * to list all spells.
Aiming: Searing Ray (safe; 1% risk of failure)
Press: ? - help, Shift-Dir - straight line, f - orc
Aim: an orc, wielding a +0 short sword (81% to hit)
The searing ray misses the orc priest.
The searing ray misses the orc. (Press . to maintain the ray.)
The orc priest invokes the aid of Beogh against you.
Beogh smites you!
Ouch! That really hurt!
You die...

.. # <# # .# #######
##.## ..##.. #.)o ..##.#
#.. ..##.# #o# ##...##
#@# #.....## #.#
.......# ##.# ...<...#
#..# .......# #.##
#.....#########.######.
.......................
#######.##.####.#######.
.._# .##.# #.###
#.#.#..(


You could see an orc priest and an orc.

Vanquished Creatures
  3 gnolls (D:2)
  2 adders (D:2)
  A worm (D:3)
  An orc (D:3)
  2 bats
  5 endoplasms
  2 giant cockroaches
  A goblin (D:2)
  4 hobgoblins
  A quokka (D:3)
  3 ball pythons
  A frilled lizard (D:3)
  5 rats
31 creatures vanquished.

Notes
Turn   | Place    | Note
-------+----------+-------------------------------------------
     0 | D:1      | pascalblue the Deep Elf Conjurer began the quest for the
                  | Orb.
     0 | D:1      | Reached XP level 1. HP: 10/10 MP: 6/6
   161 | D:1      | You fall into a shaft and drop 1 floor!
   239 | D:2      | Reached XP level 2. HP: 15/15 MP: 5/8
   242 | D:2      | Learned a level 2 spell: Searing Ray
   750 | D:2      | Reached skill level 5 in Conjurations
   785 | D:2      | Reached XP level 3. HP: 19/19 MP: 6/10
  1377 | D:3      | Reached XP level 4. HP: 24/24 MP: 2/12
  1626 | D:3      | Learned a level 4 spell: Fulminant Prism
  1631 | D:3      | Learned a level 4 spell: Iskenderun's Mystic Blast
  1751 | D:3      | Found a hazy altar of Hepliaklqana.
  1823 | D:3      | Killed from afar by an orc priest

Illustrated notes

Levels and vault maps discovered:
D:1:      wander_arrival_lonely_grave, layout_loops_ring,
          dreamdust_ecumenical_altar_grove, grunt_decor_one_mirror
D:2:      layout_loops_corners, grunt_ministairs_10, dk_vineyard_3,
          corexii_shack, moated_statue, minmay_tiny_reverse_x
D:3:      layout_loops_ring, nicolae_overflow_quartered_altars

Skill      XL: |  1  2  3 |
---------------+----------+-----
Conjurations   | 5 |  5.8
Spellcasting   | 4 |  4.2
Dodging        | |  2.4
Stealth        | |  2.4

Action                   |  1- 3 |  4- 6 || total
-------------------------+-------+-------++-------
 Cast: Magic Dart        |    44 |    22 ||    66
       Searing Ray       |     2 |     2 ||     4
Armor: Robe              |     1 |     2 ||     3
Dodge: Dodged            |     3 |     2 ||     5

Table legend: (Time is in decaauts)
 A = Elapsed time spent in this place.
 B = Non-inter-level travel time spent in this place.
 C = Inter-level travel time spent in this place.
 D = Time resting spent in this place.
 E = Time spent auto-exploring this place.
 F = Levels seen in this place.
 G = Mean time per level.
                   A        B        C        D        E       F      G
               +--------+--------+--------+--------+--------+-----+--------+
         Total |   1823 |   1775 |     48 |      0 |   1600 |   3 |  607.7 |
       Dungeon |   1823 |   1775 |     48 |      0 |   1600 |   3 |  607.7 |
               +--------+--------+--------+--------+--------+-----+--------+

Top non-repeatable levels by time:
     D:2: 1183 daAuts
     D:3: 478 daAuts
     D:1: 161 daAuts
